 Dungeon Crawl Stone Soup version 0.30.0-30-g96aa6591b8 (webtiles) character file.

Game seed: 4864416022823498086

61 javelincjr the Magician (level 3, -3/26 HPs)
             Began as a Demonspawn Hedge Wizard on June 30, 2023.
             Was an Initiate of Sif Muna.
             Slain by an orc
             ... wielding a +0 hand axe
              (6 damage)
             ... on level 3 of the Dungeon.
             The game lasted 00:06:00 (2323 turns).

javelincjr the Magician (Demonspawn Hedge Wizard)   Turns: 2323, Time: 00:06:01

Health: -3/26      AC:  3    Str: 10    XL:     3   Next: 83%
Magic:  0/7        EV: 12    Int: 17    God:    Sif Muna [......]
Gold:   66         SH:  5    Dex: 12    Spells: 3/8 levels left

rFire   . . .        a - +0 dagger
rCold   . . .        (no shield)
rNeg    . . .        b - +0 robe
rPois   +            c - +0 hat
rElec   .            (no cloak)
rCorr   .            (no gloves)
SInv    .            r - +0 pair of boots
Will    +....        q - amulet of reflection
Stlth   ++           m - ring of poison resistance
HPRegen 0.24/turn    o - ring of willpower
MPRegen 0.10/turn

%: reflection
@: very slightly contaminated
A: weakness stinger 1
a: Renounce Religion


You were on level 3 of the Dungeon.
You worshipped Sif Muna.
Sif Muna was noncommittal.
You visited 1 branch of the dungeon, and saw 3 of its levels.

You collected 66 gold pieces.

Inventory:

Hand Weapons
 a - a +0 dagger (weapon)
Armour
 b - a +0 robe (worn)
 c - a +0 hat (worn)
 r - a +0 pair of boots (worn)
Jewellery
 m - a ring of poison resistance (left hand)
 o - a ring of willpower (right hand)
 q - an amulet of reflection (around neck)
Scrolls
 e - a scroll of immolation {unknown}
 f - 3 scrolls of fog {unknown}
 g - a scroll of poison {unknown}
 h - a scroll of acquirement {unknown}
 j - a scroll of magic mapping {unknown}
 l - 2 scrolls of identify {unknown}
 n - a scroll of vulnerability {unknown}
 p - a scroll of torment {unknown}
Potions
 d - a potion of magic
 i - 3 potions of curing {unknown}
 k - 2 potions of heal wounds {unknown}
 s - a potion of invisibility {unknown}


   Skills:
 + Level 1.0 Fighting
 + Level 2.1 Dodging
 + Level 2.3 Stealth
 + Level 3.2 Spellcasting
 + Level 1.6 Conjurations
 + Level 1.5 Summonings
 + Level 1.3 Translocations


You had 3 spell levels left.
You knew the following spells:

 Your Spells              Type           Power      Damage    Failure   Level
a - Magic Dart            Conj           32%        1d4       9%          1
b - Call Imp              Summ           16%        N/A       14%         2
c - Blink                 Tloc           14%        N/A       16%         2

Your spell library contained the following spells:

 Spells                   Type           Power      Damage    Failure   Level
 Slow                     Hex            8%         N/A       17%         1
 Cigotuvi's Dreadful Rot  Necr/Pois/Air  4%         N/A       26%         2
 Mephitic Cloud           Conj/Pois/Air  4%         N/A       38%         3


Dungeon Overview and Level Annotations

Branches:
Dungeon (3/15)

Altars:
Sif Muna


Innate Abilities, Weirdness & Mutations

You have a small tail.


Message History

You barely miss the orc.
The orc is severely wounded.
The orc hits you but does no damage.
The orc hits your cerulean imp but does no damage.
Your cerulean imp hits the orc but does no damage.
You hit the orc but do no damage.
The orc is severely wounded.
The orc hits you with a +0 hand axe.
The orc hits your cerulean imp with a +0 hand axe.
Your cerulean imp hits the orc but does no damage.
Casting: Call Imp (safe; 14% risk of failure)
Confirm with . or Enter, or press ? or * to list all spells.
Aiming: Magic Dart (safe; 9% risk of failure)
Press: ? - help, Shift-Dir - straight line, f/p - orc
Aim: an orc, wielding a +0 hand axe and wearing a +0 chain mail (severely wounded, ally target, 100% to hit)
The magic dart hits the orc but does no damage.
The orc is severely wounded.
The orc hits you with a +0 hand axe.
The orc hits your cerulean imp with a +0 hand axe.
Your cerulean imp completely misses the orc.
Casting: Magic Dart (safe; 9% risk of failure)
Confirm with . or Enter, or press ? or * to list all spells.
Aiming: Magic Dart (safe; 9% risk of failure)
Press: ? - help, Shift-Dir - straight line, f/p - orc
Aim: an orc, wielding a +0 hand axe and wearing a +0 chain mail (severely wounded, ally target, 100% to hit)
You miscast Magic Dart.
You are very lightly contaminated with residual magic.
Nothing appears to happen.
The orc hits you with a +0 hand axe.
* * * LOW HITPOINT WARNING * * *
The orc hits your cerulean imp with a +0 hand axe.
Your cerulean imp hits the orc but does no damage.
Casting: Magic Dart (safe; 9% risk of failure)
Confirm with . or Enter, or press ? or * to list all spells.
Aiming: Magic Dart (safe; 9% risk of failure)
Press: ? - help, Shift-Dir - straight line, f/p - orc
Aim: an orc, wielding a +0 hand axe and wearing a +0 chain mail (severely wounded, ally target, 100% to hit)
The magic dart hits the orc but does no damage.
The orc is severely wounded.
The orc hits you with a +0 hand axe.
You die...

.. #..###.#.######.#
#. #..##.###........
#. #..###.#.########
#. #..# ##.## #. #..#
#.# #. #..# #.#
##.###>.####.#######
#!?.##..............
#...#Jo@.......#######
###..5###.######
#........#
......####.. ###.##
...# #. .... . #...##
## .##


You could see an orc (ally target), an endoplasm and a friendly cerulean imp
(summoned).

Vanquished Creatures
  An adder (D:2)
  2 ball pythons
  5 bats
  6 endoplasms (D:1)
  5 goblins
  6 hobgoblins
  A jackal (D:2)
  A quokka (D:1)
  3 kobolds (D:1)
  A rat (D:1)
31 creatures vanquished.

Vanquished Creatures (collateral kills)
  A worm (D:2)
  A bat (D:1)
  An endoplasm (D:1)
  2 hobgoblins
  2 jackals (D:2)
7 creatures vanquished.

Grand Total: 38 creatures vanquished

Notes
Turn   | Place    | Note
-------+----------+-------------------------------------------
     0 | D:1      | javelincjr the Demonspawn Hedge Wizard began the quest for
                  | the Orb.
     0 | D:1      | Reached XP level 1. HP: 13/13 MP: 4/4
    68 | D:1      | Reached skill level 1 in Translocations
   226 | D:1      | Gained mutation: You have a small tail. [demonic ancestry]
   226 | D:1      | Reached XP level 2. HP: 19/19 MP: 3/6
   229 | D:1      | Learned a level 2 spell: Call Imp
   235 | D:1      | Learned a level 2 spell: Blink
   744 | D:1      | Reached XP level 3. HP: 20/25 MP: 4/7
  1605 | D:2      | Found a faded altar of an unknown god.
  2019 | D:2      | Reached skill level 1 in Fighting
  2237 | D:3      | Found a shimmering blue altar of Sif Muna.
  2248 | D:3      | Became a worshipper of Sif Muna the Loreminder
  2323 | D:3      | Slain by an orc

Illustrated notes

Levels and vault maps discovered:
D:1:      minmay_arrival_doors, layout_basic
D:2:      layout_basic, shapermc_ecumenical_altar_acropolis, minivault_4,
          chequers_serial_rivers_small_a
D:3:      layout_loops_ring, mainiacjoe_overflow_cross_hatched

Skill      XL: |  1  2  3 |
---------------+----------+-----
Translocations | 1 |  1.3
Stealth        | 2 |  2.3
Dodging        | 2 |  2.1
Fighting       | 1 |  1.0
Spellcasting   | |  3.2
Conjurations   | |  1.6
Summonings     | |  1.5

Action                     || total
---------------------------++-------
  Melee: Dagger            ||   113
         Punch             ||     3
         Tailslap          ||    14
   Cast: Magic Dart        ||    32
         Call Imp          ||    12
   Stab: Sleeping          ||     2
 Armour: Robe              ||    17
  Dodge: Dodged            ||    69
  Block: Other             ||     3
